[Event "47. Ilmar Raud Memorial"]
[Site "Viljandi"]
[Date "2013.07.04"]
[Round "6"]
[White "Külaots, Kaido"]
[Black "Sipilä, Vilka"]
[Result "1/2-1/2"]
[ECO "B47"]
[WhiteElo "2581"]
[BlackElo "2423"]
[PlyCount "55"]
[EventDate "2013.??.??"]
[EventCountry "EST"]
[TimeControl "40/5400+30:900+30"]

1. e4 c5 2. Nf3 e6 3. d4 cxd4 4. Nxd4 Nc6 5. Nc3 Qc7 6. f4 a6 7. Nxc6 Qxc6 8.
Bd3 Nf6 9. Qe2 d5 10. exd5 Nxd5 11. Nxd5 Qxd5 12. Bd2 Be7 13. Be4 Qb5 14. Qxb5+
axb5 15. Ke2 Bf6 16. c3 Rb8 17. a4 bxa4 18. Rxa4 Bd7 19. Ra7 Bb5+ 20. Kf3 Ba6
21. Be3 Kd7 22. Ra1 Kc8 23. Bc5 Rd8 24. Ke3 Rd7 25. Bb6 Rd6 26. Bc5 Rd7 27. Bb6
Rd6 28. Bc5 1/2-1/2

[Event "47. Ilmar Raud Memorial"]
[Site "Viljandi"]
[Date "2013.07.05"]
[Round "7"]
[White "Neiksans, Arturs"]
[Black "Kovalev, Vladislav"]
[Result "1/2-1/2"]
[ECO "C84"]
[WhiteElo "2549"]
[BlackElo "2555"]
[PlyCount "48"]
[EventDate "2013.??.??"]
[EventCountry "EST"]
[TimeControl "40/5400+30:900+30"]

1. e4 e5 2. Nf3 Nc6 3. Bb5 a6 4. Ba4 Nf6 5. O-O Be7 6. d3 b5 7. Bb3 d6 8. a4
Rb8 9. axb5 axb5 10. Nbd2 O-O 11. c3 Bb7 12. Re1 Ra8 13. Rxa8 Qxa8 14. Nf1 Na5
15. Bc2 c5 16. Ng3 g6 17. Bg5 Nc6 18. Qd2 Re8 19. Nh4 Qd8 20. f4 exf4 21. Bxf4
Nh5 22. Nhf5 Nxf4 23. Nxe7+ Qxe7 24. Qxf4 Ne5 1/2-1/2

[Event "47. Ilmar Raud Memorial"]
[Site "Viljandi"]
[Date "2013.07.05"]
[Round "7"]
[White "Agopov, Mikael"]
[Black "Volodin, Aleksandr"]
[Result "1-0"]
[ECO "B49"]
[WhiteElo "2429"]
[BlackElo "2487"]
[PlyCount "125"]
[EventDate "2013.??.??"]
[EventCountry "EST"]
[TimeControl "40/5400+30:900+30"]

1. e4 c5 2. Nf3 e6 3. d4 cxd4 4. Nxd4 Nc6 5. Nc3 Qc7 6. Be3 Nf6 7. Be2 a6 8.
O-O Bb4 9. Na4 O-O 10. c4 Bd6 11. g3 Nxe4 12. c5 Be7 13. Rc1 f5 14. Nb6 Ra7 15.
Bf4 Qd8 16. b4 Bf6 17. Be3 Nxb4 18. Nxf5 Nxa2 19. Nd6 Nxc1 20. Qxc1 Nc3 21. Qd2
Nxe2+ 22. Qxe2 Qc7 23. Rd1 Qc6 24. Qg4 a5 25. Ndxc8 Rxc8 26. Nxd7 Be7 27. Bh6
Bf8 28. Rd6 Qc7 29. Nf6+ Kh8 30. Rd7 Qxd7 31. Nxd7 gxh6 32. Ne5 Rc7 33. Qf4 Kg8
34. Qg4+ Kh8 35. Qxe6 Ra8 36. Nf7+ Rxf7 37. Qxf7 Rc8 38. Qf5 Re8 39. Kf1 a4 40.
Qd7 Re7 41. Qxa4 Kg8 42. Qg4+ Kf7 43. Qf5+ Ke8 44. Qc8+ Kf7 45. Kg2 Kg8 46. f4
Re2+ 47. Kh3 Re7 48. Kg4 Rg7+ 49. Kf5 Rf7+ 50. Ke4 Re7+ 51. Kd5 Kf7 52. h3 Bg7
53. Qf5+ Kg8 54. h4 Bf8 55. Qc8 Kf7 56. g4 Bg7 57. g5 hxg5 58. hxg5 h6 59. Qf5+
Kg8 60. g6 Bf8 61. Qc8 h5 62. f5 Kg7 63. f6+ 1-0

[Event "47. Ilmar Raud Memorial"]
[Site "Viljandi"]
[Date "2013.07.05"]
[Round "7"]
[White "Sipilä, Vilka"]
[Black "Kveynis, Aloyzas"]
[Result "0-1"]
[ECO "B42"]
[WhiteElo "2411"]
[BlackElo "2479"]
[PlyCount "76"]
[EventDate "2013.??.??"]
[EventCountry "EST"]
[TimeControl "40/5400+30:900+30"]

1. e4 c5 2. Nf3 e6 3. d4 cxd4 4. Nxd4 a6 5. Bd3 Bc5 6. Nf3 Nc6 7. O-O d6 8. Qe2
Nf6 9. Be3 Qb6 10. Bxc5 Qxc5 11. Nbd2 O-O 12. Rad1 b5 13. Nb3 Qb6 14. c3 e5 15.
Kh1 Be6 16. h3 h6 17. Nh4 g5 18. Qf3 Kg7 19. Nf5+ Bxf5 20. Qxf5 Ne7 21. Qf3 Ng6
22. Bc2 Rfc8 23. Nc1 Nf4 24. Rd2 b4 25. Qe3 Qb5 26. Rfd1 bxc3 27. bxc3 Qa5 28.
Rxd6 Rxc3 29. Qd2 Qc7 30. Bb1 Rb8 31. Nb3 a5 32. Ra6 Qc8 33. Qd6 Rxh3+ 34. Kg1
Qg4 35. Qxf6+ Kg8 36. Rd8+ Rxd8 37. Qxd8+ Kh7 38. Qf6 Qxg2# 0-1

[Event "47. Ilmar Raud Memorial"]
[Site "Viljandi"]
[Date "2013.07.05"]
[Round "7"]
[White "Miezis, Normunds"]
[Black "Khalifman, Alexander"]
[Result "1/2-1/2"]
[ECO "B13"]
[WhiteElo "2548"]
[BlackElo "2630"]
[PlyCount "22"]
[EventDate "2013.??.??"]
[EventCountry "EST"]
[TimeControl "40/5400+30:900+30"]

1. c4 c6 2. e4 d5 3. exd5 cxd5 4. cxd5 Nf6 5. Nc3 Nxd5 6. Nf3 Nc6 7. d4 Bg4 8.
Be2 e6 9. h3 Bh5 10. O-O Be7 11. Qb3 a6 1/2-1/2

[Event "47. Ilmar Raud Memorial"]
[Site "Viljandi"]
[Date "2013.07.05"]
[Round "7"]
[White "Shishkov, Andrei"]
[Black "Külaots, Kaido"]
[Result "0-1"]
[ECO "E32"]
[WhiteElo "2375"]
[BlackElo "2581"]
[PlyCount "113"]
[EventDate "2013.??.??"]
[EventCountry "EST"]
[TimeControl "40/5400+30:900+30"]

1. d4 Nf6 2. c4 e6 3. Nc3 Bb4 4. Qc2 d6 5. Nf3 Nbd7 6. Bd2 e5 7. a3 Bxc3 8.
Bxc3 e4 9. Nd2 e3 10. fxe3 O-O 11. g3 Qe7 12. e4 c5 13. Bg2 cxd4 14. Bxd4 Ne5
15. O-O Bg4 16. Bf3 Be6 17. c5 Nfd7 18. b4 dxc5 19. bxc5 f6 20. Rfc1 Rfc8 21.
Qb2 Rc7 22. Rc2 Rac8 23. Rac1 Bf7 24. Kg2 Nxc5 25. Bxe5 fxe5 26. Bg4 Re8 27.
Qb4 b6 28. Nf3 Qf6 29. Bf5 Rd8 30. g4 Qe7 31. g5 Rc6 32. h4 Rcd6 33. Rxc5 bxc5
34. Rxc5 Rb6 35. Qa5 Bh5 36. Rxe5 Qc7 37. Qc5 Qxc5 38. Rxc5 Rb2 39. Be6+ Kf8
40. Bc4 Bg4 41. Ra5 Rc2 42. Ne5 Bxe2 43. Bxe2 Rxe2+ 44. Kf3 Rh2 45. Kg3 Rc2 46.
Rxa7 Kg8 47. h5 Re8 48. g6 hxg6 49. Nxg6 Kh7 50. Ne7 Rc1 51. Nf5 Rxe4 52. Rxg7+
Kh8 53. Rf7 Rc3+ 54. Kg2 Re2+ 55. Kf1 Rb2 56. Rf8+ Kh7 57. Ne7 0-1

[Event "47. Ilmar Raud Memorial"]
[Site "Viljandi"]
[Date "2013.07.06"]
[Round "8"]
[White "Kveinys, Aloyzas"]
[Black "Agopov, Mikael"]
[Result "1/2-1/2"]
[ECO "D76"]
[WhiteElo "2479"]
[BlackElo "2429"]
[PlyCount "35"]
[EventDate "2013.??.??"]
[EventCountry "EST"]
[TimeControl "40/5400+30:900+30"]

1. d4 Nf6 2. Nf3 g6 3. c4 Bg7 4. g3 d5 5. cxd5 Nxd5 6. Bg2 Nb6 7. Nc3 Nc6 8. e3
O-O 9. O-O Re8 10. d5 Na5 11. Nd4 Bd7 12. e4 c6 13. Re1 cxd5 14. exd5 Nac4 15.
b3 Nd6 16. Bf4 Rc8 17. Rc1 Na8 18. Qd2 1/2-1/2

[Event "47. Ilmar Raud Memorial"]
[Site "Viljandi"]
[Date "2013.07.06"]
[Round "8"]
[White "Kovalev, Vladislav"]
[Black "Sepp, Olav"]
[Result "1-0"]
[ECO "C65"]
[WhiteElo "2558"]
[BlackElo "2442"]
[PlyCount "155"]
[EventDate "2013.??.??"]
[EventCountry "EST"]
[TimeControl "40/5400+30:900+30"]

1. e4 e5 2. Nf3 Nc6 3. Bb5 Nf6 4. Bxc6 dxc6 5. d3 Bd6 6. Nbd2 O-O 7. Nc4 Re8 8.
O-O Nd7 9. b3 Nf8 10. Bb2 Ng6 11. d4 exd4 12. Qxd4 Bf8 13. Qxd8 Rxd8 14. h3 c5
15. Rad1 Be6 16. Ne3 f6 17. e5 Kf7 18. exf6 gxf6 19. Nd2 Nf4 20. Ne4 Be7 21.
Rfe1 h5 22. Kf1 Rxd1 23. Rxd1 Rg8 24. Ng3 Rd8 25. Rxd8 Bxd8 26. Ne2 Nxe2 27.
Kxe2 h4 28. c4 c6 29. Ba3 b6 30. Nf1 Bf5 31. Nd2 Kg6 32. Bb2 Bc2 33. Bc3 a5 34.
Nf3 Kh5 35. Kd2 Bb1 36. a4 Be4 37. Ne1 Kg5 38. Ke3 Bb1 39. Kd2 Be4 40. Ke2 Bb1
41. Kd1 Kg6 42. Kd2 Be4 43. Nd3 Kg5 44. f3 Bg6 45. Ke2 Bc7 46. Bd2+ Kf5 47. Be3
Bf7 48. Kd2 Bd6 49. Nf2 Ke6 50. Ne4 Be5 51. Kd3 Bg6 52. Bf2 Bg3 53. Bxg3 hxg3
54. Kd2 f5 55. Nxg3 f4 56. Ne2 Ke5 57. h4 Bh5 58. Kc3 Be8 59. Nc1 Bg6 60. Nd3+
Kf5 61. Nf2 Ke5 62. Ne4 Bh5 63. Nf2 Kf5 64. Nd3 Be8 65. Nc1 Ke5 66. Ne2 Bh5 67.
Kd2 Bf7 68. g3 fxg3 69. Nxg3 Kf4 70. Ne4 Bh5 71. Ng5 Kg3 72. Ke3 Kxh4 73. Kf4
Bg6 74. Ne4 Bh7 75. Ke5 Bg8 76. f4 b5 77. axb5 cxb5 78. cxb5 1-0

[Event "47. Ilmar Raud Memorial"]
[Site "Viljandi"]
[Date "2013.07.06"]
[Round "8"]
[White "Shvyrjov, Igor"]
[Black "Külaots, Kaido"]
[Result "0-1"]
[ECO "D43"]
[WhiteElo "2461"]
[BlackElo "2581"]
[PlyCount "68"]
[EventDate "2013.??.??"]
[EventCountry "EST"]
[TimeControl "40/5400+30:900+30"]

1. d4 Nf6 2. c4 e6 3. Nf3 d5 4. Bg5 h6 5. Bxf6 Qxf6 6. Nc3 c6 7. e3 g6 8. Be2
Bg7 9. O-O O-O 10. b4 dxc4 11. Bxc4 Nd7 12. Rc1 Qe7 13. Qb3 Nb6 14. Be2 e5 15.
dxe5 Bxe5 16. Na4 Be6 17. Qc2 Bf5 18. Qb3 Nxa4 19. Nxe5 Qxe5 20. Qxa4 Qb2 21.
Bc4 b5 22. Qb3 Qd2 23. Bxf7+ Rxf7 24. Rxc6 Rd8 25. e4 Bxe4 26. Ra6 Kg7 27. h4
Bd3 28. h5 Bxf1 29. Rxg6+ Kf8 30. Qg3 Qd4 31. Rg8+ Ke7 32. Rg4 Qf6 33. Rg6 Qf4
34. Qh3 Bc4 0-1

[Event "47. Ilmar Raud Memorial"]
[Site "Viljandi"]
[Date "2013.07.06"]
[Round "8"]
[White "Kanep, Meelis"]
[Black "Neiksans, Arturs"]
[Result "1/2-1/2"]
[ECO "A81"]
[WhiteElo "2512"]
[BlackElo "2554"]
[PlyCount "53"]
[EventDate "2013.??.??"]
[EventCountry "EST"]
[TimeControl "40/5400+30:900+30"]

1. d4 f5 2. g3 Nf6 3. Bg2 g6 4. Nh3 Bg7 5. Nf4 Nc6 6. h4 e5 7. dxe5 Nxe5 8. h5
d6 9. Nd2 c6 10. Nf3 Nfg4 11. hxg6 hxg6 12. Rxh8+ Bxh8 13. Nxe5 Nxe5 14. c3 Qe7
15. Be3 Be6 16. Nxe6 Qxe6 17. Qb3 Qxb3 18. axb3 a6 19. O-O-O d5 20. Rh1 Bf6 21.
Bd4 O-O-O 22. Rh7 Rd7 23. Rxd7 Kxd7 24. f3 Ke6 25. Kd2 Nd7 26. Bf2 Be5 27. Bh3
1/2-1/2

[Event "47. Ilmar Raud Memorial"]
[Site "Viljandi"]
[Date "2013.07.06"]
[Round "8"]
[White "Seeman, Tarvo"]
[Black "Miezis, Normunds"]
[Result "0-1"]
[ECO "B20"]
[WhiteElo "2376"]
[BlackElo "2549"]
[PlyCount "68"]
[EventDate "2013.??.??"]
[EventCountry "EST"]
[TimeControl "40/5400+30:900+30"]

1. g3 c5 2. Bg2 Nc6 3. e4 g6 4. f4 Bg7 5. Nf3 d6 6. d3 e5 7. O-O Nge7 8. c3 O-O
9. Na3 Kh8 10. Be3 exf4 11. gxf4 f5 12. Qe1 b6 13. Qh4 Rb8 14. Rae1 d5 15. e5
d4 16. cxd4 cxd4 17. Bd2 h6 18. Nc4 Kg8 19. Qg3 Be6 20. Nh4 Qd7 21. Nxg6 Nxg6
22. Qxg6 Ne7 23. Qh5 Kh7 24. Rf3 Rbc8 25. Rg3 Rg8 26. Kh1 b5 27. Nd6 Rc2 28.
Nf7 Rxd2 29. Rg1 Bf8 30. Ng5+ Rxg5 31. fxg5 Ng6 32. gxh6 Nf4 33. Qh4 Nxg2 34.
Qg5 Nf4 0-1

[Event "47. Ilmar Raud Memorial"]
[Site "Viljandi"]
[Date "2013.07.07"]
[Round "9"]
[White "Sepp, Olav"]
[Black "Kanep, Meelis"]
[Result "1/2-1/2"]
[ECO "E05"]
[WhiteElo "2442"]
[BlackElo "2509"]
[PlyCount "28"]
[EventDate "2013.??.??"]
[EventCountry "EST"]
[TimeControl "40/5400+30:900+30"]

1. Nf3 Nf6 2. g3 e6 3. Bg2 d5 4. O-O Be7 5. d4 O-O 6. c4 dxc4 7. Qc2 a6 8. Qxc4
b5 9. Qc2 Bb7 10. Bd2 Be4 11. Qc1 Bb7 12. Qc2 Be4 13. Qc1 Bb7 14. Qc2 Be4
1/2-1/2

[Event "47. Ilmar Raud Memorial"]
[Site "Viljandi"]
[Date "2013.07.07"]
[Round "9"]
[White "Ehlvest, Jaan"]
[Black "Kveinys, Aloyzas"]
[Result "1/2-1/2"]
[ECO "D53"]
[WhiteElo "2621"]
[BlackElo "2479"]
[PlyCount "29"]
[EventDate "2013.??.??"]
[EventCountry "EST"]
[TimeControl "40/5400+30:900+30"]

1. d4 Nf6 2. c4 e6 3. Nf3 d5 4. Bg5 Be7 5. Nc3 O-O 6. Qc2 Na6 7. e3 c5 8. a3
cxd4 9. exd4 dxc4 10. Bxc4 Nc7 11. O-O b6 12. Rad1 Bb7 13. Ne5 Ncd5 14. Rfe1
Rc8 15. Qb3 1/2-1/2

[Event "47. Ilmar Raud Memorial"]
[Site "Viljandi"]
[Date "2013.07.07"]
[Round "9"]
[White "Neiksans, Arturs"]
[Black "Krivonosov, Oleg"]
[Result "1-0"]
[ECO "A07"]
[WhiteElo "2549"]
[BlackElo "2463"]
[PlyCount "87"]
[EventDate "2013.??.??"]
[EventCountry "EST"]
[TimeControl "40/5400+30:900+30"]

1. Nf3 d5 2. g3 c6 3. Bg2 Bg4 4. O-O Nd7 5. d3 Ngf6 6. Qe1 e5 7. e4 dxe4 8.
dxe4 Be7 9. Nbd2 O-O 10. h3 Bxf3 11. Bxf3 Qc7 12. Nc4 Rfe8 13. a4 Nc5 14. Qe2
Rad8 15. b4 Nxa4 16. Rxa4 b5 17. Ra2 bxc4 18. Be3 Qd6 19. Rb1 Qe6 20. Rxa7 Ra8
21. Rxa8 Rxa8 22. Kg2 h6 23. c3 Kh7 24. Rb2 Ra3 25. Qc2 h5 26. Ra2 Rxa2 27.
Qxa2 h4 28. g4 c5 29. g5 cxb4 30. gxf6 b3 31. Qa4 Bxf6 32. Be2 Bg5 33. Qxc4 Qg6
34. Bg4 Bxe3 35. fxe3 Qb6 36. Qxf7 b2 37. Bf5+ Kh6 38. Qf8 Qf6 39. Qh8+ Kg5 40.
Qb8 g6 41. Bg4 Qc6 42. Qxb2 Qxe4+ 43. Kf2 Qh1 44. Qb6 1-0

[Event "47. Ilmar Raud Memorial"]
[Site "Viljandi"]
[Date "2013.07.07"]
[Round "9"]
[White "Külaots, Kaido"]
[Black "Kovalev, Vladislav"]
[Result "1/2-1/2"]
[ECO "C84"]
[WhiteElo "2581"]
[BlackElo "2555"]
[PlyCount "64"]
[EventDate "2013.??.??"]
[EventCountry "EST"]
[TimeControl "40/5400+30:900+30"]

1. e4 e5 2. Nf3 Nc6 3. Bb5 a6 4. Ba4 Nf6 5. O-O Be7 6. d3 b5 7. Bb3 d6 8. a3
O-O 9. Nc3 Be6 10. Nd5 Bxd5 11. exd5 Nd4 12. Nxd4 exd4 13. c3 Qd7 14. h3 dxc3
15. bxc3 h6 16. d4 c6 17. dxc6 Qxc6 18. Re1 Rfe8 19. c4 Bf8 20. Rxe8 Qxe8 21.
a4 bxc4 22. Bxc4 d5 23. Bd3 a5 24. Bf4 Qe6 25. Rc1 Ne4 26. Qc2 Bb4 27. Qc7 Nc3
28. Qb7 Rc8 29. Kf1 Re8 30. Qa6 Qxa6 31. Bxa6 g5 32. Be3 Re7 1/2-1/2